 Dungeon Crawl Stone Soup version 0.25-a0-62-g88673ef095 (webtiles) character file.

Game seed: 12424485079960112871, levelgen mode: deterministic

320 MrRokkomies the Sneak (level 6, -1/30 HPs)
             Began as a Spriggan Assassin on Oct 30, 2019.
             Killed from afar by an orc wizard (3 damage)
             ... with a puff of frost
             ... on level 3 of the Dungeon.
             The game lasted 00:08:15 (2209 turns).

MrRokkomies the Sneak (Spriggan Assassin)           Turns: 2209, Time: 00:08:16

Health: -1/30      AC:  5    Str:  6 (9)  XL:     6   Next: 22%
Magic:  7/7        EV: 16    Int: 10 (13) God:
Gold:   101        SH:  0    Dex: 14 (17) Spells: 5/5 levels left

rFire    + . .     SeeInvis +   a - +3 short sword
rCold    . . .     Gourm    .   (shield restricted)
rNeg     . . .     Faith    .   h - +2 animal skin
rPois    .         Spirit   .   (helmet restricted)
rElec    .         Reflect  .   c - +0 cloak
rCorr    .         Harm     .   (gloves unavailable)
MR       +....                  (boots unavailable)
Stlth    ++++......             (no amulet)
HPRegen  0.10/turn              l - ring of protection from fire
MPRegen  0.10/turn              (no ring)

@: hasted, very quick
A: very small, unfitting armour, see invisible, herbivore, speed 3, slow
metabolism 2
a: no special abilities


You were on level 3 of the Dungeon.
You were not hungry.

You visited 1 branch of the dungeon, and saw 3 of its levels.

You collected 101 gold pieces.

Inventory:

Hand Weapons
 a - a +3 short sword (weapon)
Missiles
 d - 29 poisoned darts (quivered)
Armour
 c - a +0 cloak (worn)
 h - a +2 animal skin (worn)
Jewellery
 l - a ring of protection from fire (left hand)
Potions
 b - a potion of haste
 i - a potion of resistance
Comestibles
 f - 4 rations


   Skills:
 - Level 1.5 Fighting
 * Level 4.8 Short Blades
 * Level 4.4 Throwing
 - Level 1.5 Dodging
 + Level 7.3 Stealth


You had 5 spell levels left.
You didn't know any spells.
Your spell library was empty.

Dungeon Overview and Level Annotations

Branches:
Dungeon (3/15)

Altars:
Fedhas
Sif Muna
Trog
Vehumet

Annotations:
D:3 Grinder


Innate Abilities, Weirdness & Mutations

You are very small and have problems with some larger weapons.
You are too small for most types of armour.
You have supernaturally acute eyesight. (SInv)
You are a herbivore.
You cover ground extremely quickly.
You need to consume almost no food.


Message History

Aim: an orc wizard, wielding a +0 dagger and wearing a cursed -2 robe (fast, poisoned, slightly transparent)
You throw a poisoned dart. The poisoned dart hits the orc wizard.
The orc wizard looks as sick as possible!
Throwing (i - inventory)
d - 30 poisoned darts (quivered)
Press: ? - help, Shift-Dir - straight line, f/p - orc wizard
Aim: an orc wizard, wielding a +0 dagger and wearing a cursed -2 robe (lightly wounded, fast, poisoned, slightly transparent)
You throw a poisoned dart. The poisoned dart hits the orc wizard.
The orc wizard looks as sick as possible!
The orc wizard is lightly wounded.
The orc wizard closely misses you.
You hit the orc wizard but do no damage.
The orc wizard is lightly wounded.
The orc wizard casts a spell at you. The magic dart hits you.
* * * LOW HITPOINT WARNING * * *
You hit the orc wizard.
The orc wizard is moderately wounded.
The orc wizard gestures at you while chanting.
The puff of frost hits you.
You die...

##.# #......#.#
#.###.##...#.#
#####.....###.##.# ###
........### #.##.# #$?## #
#####.### #.##.# #.#.#.## #
#.# #.##.###.5.#..#.##
#####.# #.##o(§#.#...#...#
...##.#######.##o#o.5..#.(.#
##.............#@###.#.†.#
<.....######...#.# #...#..#
.........# #...(.# #!#(#.##
##.#####.# #.....# #[)## #
#.# .........# #### #.#
######..## #.. ...# #..
##..# ..# #..#


You could see an orc wizard (invisible) and an orc.

Vanquished Creatures
  Sigmund (D:2)
  An orc priest (D:3)
  Crazy Yiuf (D:2)
  Robin (D:2)
  3 adders
  An ooze (D:1)
  3 worms (D:2)
  3 leopard geckos
  An orc (D:3)
  A ball python (D:2)
  6 giant cockroaches
  7 goblins
  7 hobgoblins
  3 jackals (D:2)
  3 bats
  2 frilled lizards
  6 kobolds (D:2)
  A rat (D:2)
51 creatures vanquished.

Notes
Turn   | Place    | Note
-------+----------+-------------------------------------------
     0 | D:1      | MrRokkomies the Spriggan Assassin began the quest for the
                  | Orb.
     0 | D:1      | Reached XP level 1. HP: 10/10 MP: 2/2
    91 | D:1      | Reached skill level 6 in Stealth
   120 | D:1      | Reached XP level 2. HP: 8/14 MP: 3/3
   777 | D:2      | Noticed Robin
  1072 | D:2      | Killed Robin
  1072 | D:2      | Reached XP level 3. HP: 8/18 MP: 4/4
  1254 | D:2      | Found a radiant altar of Vehumet.
  1254 | D:2      | Found a shimmering blue altar of Sif Muna.
  1400 | D:2      | Noticed Sigmund
  1417 | D:2      | Killed Sigmund
  1417 | D:2      | Reached skill level 7 in Stealth
  1417 | D:2      | Reached XP level 4. HP: 11/22 MP: 5/5
  1417 | D:2      | Reached XP level 5. HP: 12/25 MP: 6/6
  1785 | D:2      | Found a blossoming altar of Fedhas.
  1890 | D:2      | Found a bloodstained altar of Trog.
  1993 | D:2      | Found a runed translucent door.
  1994 | D:2      | Noticed Crazy Yiuf
  2005 | D:2      | Killed Crazy Yiuf
  2005 | D:2      | Reached XP level 6. HP: 28/30 MP: 7/7
  2148 | D:3      | Noticed Grinder
  2157 | D:3      | Paralysed by Grinder for 6 turns
  2209 | D:3      | Killed from afar by an orc wizard

Levels and vault maps discovered:
D:1:      dpeg_arrival_more_subterranean_lakeside_camping, layout_loops_ring
D:2:      layout_basic, chequers_temple_overflow_statue_of_worship,
          fedhas_altar_1, trog_hazing_becter, uniq_robin,
          uniq_crazy_yiuf_cottage, uniq_sigmund
D:3:      minmay_spotlight, layout_loops_ring, uniq_grinder

Skill      XL: |  1  2  3 |
---------------+----------+-----
Stealth        | 6 7 |  7.3
Short Blades   | 3 4 |  4.8
Throwing       | 4 |  4.4
Fighting       | |  1.5
Dodging        | |  1.5

Action                   |  1- 3 |  4- 6 || total
-------------------------+-------+-------++-------
Melee: Dagger            |    80 |       ||    80
       Short sword       |    47 |    59 ||   106
Throw: Dart              |    15 |     8 ||    23
       Throwing net      |       |     2 ||     2
  Use: Scroll            |     4 |     3 ||     7
       Potion            |     2 |     2 ||     4
 Stab: Sleeping          |     7 |     4 ||    11
       Invisible         |     4 |       ||     4
       Distracted        |       |     1 ||     1
       Held in net/web   |       |     1 ||     1
Armor: Robe              |     9 |       ||     9
       Animal skin       |    12 |     9 ||    21
Dodge: Dodged            |   111 |    50 ||   161

Table legend:
 A = Non-vault XP
 B = Vault XP
 C = Vault XP percentage of total XP
 D = Non-vault monster count
 E = Vault monster count
 F = Vault count percentage of total count
                 A         B        C        D         E       F
            +---------+---------+-------+---------+---------+-------
      Total |     142 |     316 |  69.0 |      33 |      18 |  35.3
            +---------+---------+-------+---------+---------+-------
        D:1 |      23 |       8 |  25.8 |       9 |       4 |  30.8
        D:2 |      71 |     295 |  80.6 |      21 |      13 |  38.2
        D:3 |      48 |      13 |  21.3 |       3 |       1 |  25.0
            +---------+---------+-------+---------+---------+-------
